 Dungeon Crawl Stone Soup version 0.28.0-62-gf88900778d (webtiles) character file.

Game seed: 9090975715678152902

296 cbfl8 the Chopper (level 6, 0/48 HPs)
             Began as a Demonspawn Berserker on Apr 13, 2024.
             Was a Believer of Trog.
             Incinerated by a smoke demon (5 damage)
             ... with a sticky flame
             ... on level 1 of the Abyss.
             The game lasted 00:02:26 (2014 turns).

cbfl8 the Chopper (Demonspawn Berserker)            Turns: 2014, Time: 00:02:27

Health: 0/48       AC: 12    Str: 18    XL:     6   Next: 12%
Magic:  6/6        EV:  7    Int:  8    God:    Trog [**....]
Gold:   34         SH:  0    Dex: 14    Spells: 5/5 levels left

rFire   . . .      SeeInvis .   a - +0 hand axe
rCold   . . .      Faith    .   (no shield)
rNeg    . . .      Spirit   .   h - +0 chain mail
rPois   .          Reflect  .   j - +0 helmet
rElec   .          Harm     .   (no cloak)
rCorr   .          Rampage  .   g - +1 pair of gloves
Will    .....                   (no boots)
Stlth   ..........              c - amulet of regeneration
HPRegen 0.96/turn               (no ring)
MPRegen 0.10/turn               (no ring)

@: on fire, about to teleport, glowing
A: hooves 2, powered by death 2
a: Renounce Religion, Berserk, Trog's Hand


You were on level 1 of the Abyss.
You worshipped Trog.
Trog was pleased with you.
You visited 1 branch of the dungeon, and saw 3 of its levels.
You visited the Abyss 1 time.

You collected 34 gold pieces.

Inventory:

Hand Weapons
 a - a +0 hand axe (weapon)
Armour
 g - a +1 pair of gloves (worn)
 h - a +0 chain mail (worn)
 j - a +0 helmet (worn)
Jewellery
 c - an amulet of regeneration (around neck)
Scrolls
 e - a scroll of noise {unknown}
 i - a scroll of amnesia {unknown}
Potions
 b - 2 potions of haste
 d - a potion of resistance {unknown}


   Skills:
 + Level 4.0 Fighting
 + Level 4.5 Axes
 + Level 2.8 Armour
 - Level 1.7 Dodging
 * Level 2.6 Evocations


You had 5 spell levels left.
You didn't know any spells.
Your spell library was empty.

Dungeon Overview and Level Annotations

Branches:
Dungeon (3/15)

Altars:


Innate Abilities, Weirdness & Mutations

You have hoof-like feet.
You regenerate health from kills.


Message History

Something hits you.
Unknown command.
The orc hits you with a +1 dagger of distortion.
You are cast into the Abyss!
This branch contains the abyssal rune of Zot.
Reactivating autopickup.
A starcursed mass comes into view.
A starcursed mass splits.
The starcursed mass shrieks in your mind.
A smoke demon comes into view.
The smoke demon roars!
You enter the shallow water.
Moving in this stuff is going to be slow.
The smoke demon closely misses you.
The smoke demon hits you but does no damage. x2
The smoke demon gestures at you. The ball of steam hits you!
A starcursed mass splits.
You are engulfed in a cloud of scalding steam.
As you read the scroll labelled ILUCWE AFISYOTT, it crumbles to dust.
You feel strangely unstable.
You feel the power of the Abyss delaying your translocation!
It was a scroll of teleportation.
The smoke demon gestures at you. The ball of steam hits you!!
* * * LOW HITPOINT WARNING * * *
You are engulfed in a cloud of scalding steam.
* * * LOW HITPOINT WARNING * * *
The smoke demon hits you but does no damage. x2
The smoke demon barely misses you.
The starcursed mass shrieks in your mind.
* * * LOW HITPOINT WARNING * * *
The smoke demon gestures at you.
The sticky flame hits you but does no damage.
You are covered in liquid flames!
A starcursed mass splits.
You are covered in liquid flames!
* * * LOW HITPOINT WARNING * * *
You are covered in liquid flames!
You die...

... ...# #...##.
#####.......
#.#..#..... ..
###.#......# ..##..
##......#...##..##..
#....#. ....X......≈
#.#@.#.3.......≈≈≈≈≈
#..# .§...##. #≈≈≈
..##.§....##..##..
#.##.#.#.......≈...
.# ####.#..X......
.. . #.#..≈#§.#≈..
##. #. ###..##≈.##..
. # #≈........
≈....... ...


There were no monsters in sight!

Vanquished Creatures
  Sigmund (D:2)
  Terence (D:2)
  6 adders
  2 worms (D:2)
  A dart slug (D:1)
  2 orcs (D:3)
  6 ball pythons
  5 bats
  3 endoplasms (D:1)
  4 goblins
  5 hobgoblins
  2 jackals (D:1)
  5 quokkas
  3 kobolds
  5 rats
51 creatures vanquished.

Vanquished Creatures (others)
  A plant (D:3)
1 creature vanquished.

Grand Total: 52 creatures vanquished

Notes
Turn   | Place    | Note
-------+----------+-------------------------------------------
     0 | D:1      | cbfl8 the Demonspawn Berserker began the quest for the Orb.
     0 | D:1      | Reached XP level 1. HP: 18/18 MP: 1/1
   304 | D:1      | Gained mutation: You have large cloven feet. [demonic
                  | ancestry]
   304 | D:1      | Reached XP level 2. HP: 24/24 MP: 2/2
   669 | D:1      | Reached skill level 1 in Evocations
  1078 | D:2      | Found a faded altar of an unknown god.
  1091 | D:2      | Noticed Sigmund
  1108 | D:2      | Killed Sigmund
  1109 | D:2      | Reached XP level 3. HP: 12/30 MP: 3/3
  1109 | D:2      | Gained mutation: You regenerate a little health from kills.
                  | [demonic ancestry]
  1109 | D:2      | Reached XP level 4. HP: 15/37 MP: 4/4
  1109 | D:2      | Gained mutation: You have hoof-like feet. [demonic
                  | ancestry]
  1109 | D:2      | Reached XP level 5. HP: 18/42 MP: 5/5
  1313 | D:2      | Reached ** piety under Trog
  1363 | D:2      | Noticed Terence
  1382 | D:2      | Killed Terence
  1673 | D:2      | Gained mutation: You regenerate health from kills. [demonic
                  | ancestry]
  1673 | D:2      | Reached XP level 6. HP: 48/48 MP: 6/6
  1932 | D:3      | Cast into level 1 of the Abyss (orc)
  1997 | Abyss:1  | Noticed a starcursed mass
  2000 | Abyss:1  | Noticed a smoke demon
  2014 | Abyss:1  | Incinerated by a smoke demon

Illustrated notes

Levels and vault maps discovered:
D:1:      wander_arrival_desolate, layout_basic
D:2:      layout_loops_ring, ebering_ecumenical_altar_box, uniq_sigmund,
          uniq_terence
D:3:      layout_loops_ring, minmay_tree_intersection, serial_bayou_pond_d,
          grunt_decor_resistance, uniq_pargi
Abyss:1:  base:
Temple

Skill      XL: |  1  2  3  4  5 |
---------------+----------------+-----
Axes           | 4 |  4.5
Evocations     | 2 |  2.6
Armour         | 2 |  2.8
Fighting       | 4 |  4.0
Dodging        | |  1.7

Action                   |  1- 3 |  4- 6 || total
-------------------------+-------+-------++-------
Melee: Hand axe          |    67 |   105 ||   172
       Kick              |    12 |    35 ||    47
       Punch             |     1 |     2 ||     3
Invok: Berserk           |     1 |       ||     1
  Use: Scroll            |       |     1 ||     1
 Stab: Sleeping          |     2 |       ||     2
Armor: Animal skin       |     8 |       ||     8
       Ring mail         |    10 |       ||    10
       Chain mail        |     8 |    64 ||    72
Dodge: Dodged            |    28 |    29 ||    57
